AoeStats
← Freddy Ferdinant

Black Forest

510328068Analyzed
4v4 RM · 6h ago on Sep 30, 2026· 66m 39s· 8 players
Game mode
Random Map
Map size
Large (8 player)
Population
200
Speed
Normal
Resources
Standard
Victory
Conquest
Starting age
Dark Age
Ending age
Imperial Age
RankedLock teamsTeams togetherTeam positionsShared explorationLock speedFull tech treeHidden civsTurbo modeCheats
Victory
Defeat
🇮🇹 Mongols · Italy
946
+16
🇹🇷 Vikings · Türkiye
941
+46
🇹🇷 Teutons · Türkiye
922
+17
🇹🇷 Goths · Türkiye
890
+18
🇨🇳 Hindustanis · China
965
-18
🇨🇱 Koreans · Chile
941
-17
🇺🇸 Romans · United States
934
-16
🇨🇳 Magyars · China
931
-16
yulaf
1:52 Loom
13:40 Feudal Age
15:59 Wheelbarrow
18:05 Castle Age
15:54 Town Watch
17:19 Horse Collar
17:31 Horse Collar
17:39 Double-Bit Axe
20:39 Squires
20:41 Scale Mail Armor
22:23 Bow Saw
24:37 Heavy Plow
28:36 Forging
29:57 Hand Cart
31:21 Town Patrol
31:29 Anarchy
35:53 Imperial Age
34:43 Iron Casting
34:23 Chain Mail Armor
34:22 Caravan
35:56 Elite Huskarl
37:29 Conscription
38:18 Blast Furnace
37:36 Perfusion
37:45 Perfusion
40:50 Coinage
40:15 Pikeman
40:30 Halberdier
42:00 Crop Rotation
44:20 Two-Man Saw
47:57 Banking
47:37 Guilds
49:12 Ballistics
50:01 Chemistry
Sacresh Martire
0:57 Loom
12:34 Feudal Age
13:54 Double-Bit Axe
20:04 Castle Age
19:39 Horse Collar
19:52 Stone Mining
21:43 Bow Saw
22:49 Wheelbarrow
24:23 Forging
24:19 Scale Barding Armor
25:35 Stone Shaft Mining
24:53 Gold Mining
26:03 Heavy Plow
27:11 Fishing Lines
28:38 Gillnets
29:08 Hand Cart
28:39 Town Watch
28:52 Light Cavalry
29:36 Husbandry
30:22 Gold Shaft Mining
32:30 Bloodlines
31:59 Man-at-Arms
37:12 Imperial Age
35:01 Fletching
35:12 Padded Archer Armor
37:07 Murder Holes
37:32 Ballistics
38:29 Onager
39:33 Drill
38:41 Heavy Camel Rider
41:04 Thumb Ring
42:02 Drill
41:22 Siege Onager
43:15 Iron Casting
43:00 Chain Barding Armor
45:08 Conscription
46:52 Blast Furnace
46:29 Siege Engineers
49:24 Elite Skirmisher
50:51 Town Patrol
53:27 Hussar
sonsehzadee
11:28 Feudal Age
17:58 Castle Age
17:32 Double-Bit Axe
17:31 Horse Collar
17:46 Stone Mining
24:23 Heavy Plow
26:34 Wheelbarrow
27:00 Caravan
28:49 Gold Mining
29:21 Hand Cart
32:11 Imperial Age
30:24 Stone Shaft Mining
30:51 Coinage
31:14 Loom
32:28 Ironclad
33:14 Scale Barding Armor
33:20 Forging
34:14 Chemistry
33:20 Siege Engineers
33:51 Banking
33:31 Guilds
33:41 Bow Saw
34:13 Crop Rotation
34:56 Conscription
34:58 Crenellations
36:41 Two-Man Saw
37:59 Sappers
39:05 Hoardings
39:31 Bloodlines
38:42 Cavalier
40:07 Pikeman
40:48 Squires
40:33 Gambesons
40:34 Arson
40:45 Elite Teutonic Knight
46:39 Scale Mail Armor
47:20 Iron Casting
Freddy Ferdinant
10:27 Loom
12:30 Feudal Age
14:32 Double-Bit Axe
14:31 Horse Collar
17:14 Gold Mining
18:15 Fishing Lines
23:13 Castle Age
22:56 Stone Mining
23:44 Town Watch
23:47 Loom
24:42 Gold Shaft Mining
24:34 Bow Saw
24:36 Heavy Plow
25:31 Gillnets
33:31 Caravan
36:54 Imperial Age
34:48 Chieftains
37:41 Bogsveigar
37:05 Elite Berserk
38:29 Hoardings
38:15 Conscription
37:59 Bogsveigar
38:01 Fletching
38:23 Forging
38:15 Scale Mail Armor
41:16 Iron Casting
40:57 Chain Mail Armor
40:38 Bodkin Arrow
43:43 Bogsveigar
43:54 Bogsveigar
44:07 Elite Varangian Guard
44:35 Arson
44:52 Squires
44:14 Pikeman
44:50 Elite Skirmisher
47:06 Blast Furnace
46:37 Plate Mail Armor
46:08 Bracer
46:08 Padded Archer Armor
46:36 Pikeman
47:12 Crossbowman
48:20 Arbalester
50:43 Leather Archer Armor
50:59 Plate Mail Armor
52:14 Ring Archer Armor
52:47 Chemistry
52:08 Ballistics
51:44 Murder Holes
52:01 Masonry
51:33 Treadmill Crane
54:39 Man-at-Arms
58:23 Long Swordsman
60:07 Two-Handed Swordsman
63:02 Siege Engineers
63:28 Architecture
Akranon
0:31 Loom
12:52 Feudal Age
13:32 Double-Bit Axe
18:05 Fletching
18:54 Scale Mail Armor
19:39 Forging
19:20 Horse Collar
22:20 Gold Mining
24:55 Castle Age
22:57 Stone Mining
22:55 Fishing Lines
23:53 Scale Barding Armor
23:49 Padded Archer Armor
25:45 Wheelbarrow
26:04 Bow Saw
26:04 Heavy Plow
26:43 Gold Shaft Mining
26:08 Gillnets
28:09 Hand Cart
28:11 Fervor
28:08 Caravan
36:52 Imperial Age
36:56 Capped Ram
38:17 Conscription
38:36 Crop Rotation
38:09 Man-at-Arms
38:51 Squires
39:03 Fortified Wall
38:52 Long Swordsman
39:50 Chain Mail Armor
38:59 Siege Ram
40:13 Town Watch
41:26 Iron Casting
40:20 Legionary
41:24 Comitatenses
45:45 Blast Furnace
47:20 Bodkin Arrow
49:09 Coinage
48:54 Guilds
48:09 Heavy Scorpion
49:36 Ballistics
50:17 Chemistry
49:22 Siege Engineers
50:57 Pikeman
50:59 Elite Centurion
53:10 Chain Barding Armor
53:26 Devotion
53:44 Block Printing
55:15 Banking
55:58 Halberdier
626464865
11:25 Feudal Age
12:49 Double-Bit Axe
15:22 Castle Age
13:37 Horse Collar
16:16 Bow Saw
16:20 Loom
18:05 Fishing Lines
24:39 Wheelbarrow
25:12 Gillnets
26:16 Grand Trunk Road
30:30 Imperial Age
28:12 Heavy Plow
29:09 Hand Cart
29:20 Caravan
29:38 Forging
29:34 Scale Barding Armor
29:42 Gold Mining
31:31 Chain Barding Armor
32:15 Two-Man Saw
31:11 Town Watch
33:09 Gold Shaft Mining
33:12 Iron Casting
32:14 Heavy Camel Rider
33:27 Conscription
33:15 Town Patrol
33:51 Husbandry
34:23 Bloodlines
34:51 Plate Barding Armor
35:18 Blast Furnace
34:37 Imperial Camel Rider
35:42 Light Cavalry
36:52 Hussar
38:32 Padded Archer Armor
39:21 Shatagni
40:44 Chemistry
40:05 Ballistics
43:58 Leather Archer Armor
52:27 Ring Archer Armor
Sanchi
11:31 Feudal Age
15:53 Castle Age
14:24 Horse Collar
15:35 Double-Bit Axe
17:26 Gold Mining
18:43 Stone Mining
23:26 Heavy Plow
24:29 Bow Saw
29:14 Gold Shaft Mining
29:15 Scale Barding Armor
31:55 Imperial Age
31:46 Chain Barding Armor
31:30 Corvinian Army
32:13 Elite Magyar Huszar
33:15 Conscription
33:32 Plate Barding Armor
33:11 Bloodlines
33:02 Husbandry
34:44 Siege Engineers
35:41 Chemistry
35:34 Wheelbarrow
34:44 Loom
34:45 Town Watch
35:50 Fletching
36:01 Padded Archer Armor
38:02 Bodkin Arrow
38:22 Leather Archer Armor
38:05 Heavy Cavalry Archer
38:52 Thumb Ring
39:13 Parthian Tactics
39:05 Bracer
40:55 Ring Archer Armor
43:04 Ballistics
44:20 Recurve Bow
49:37 Hand Cart
57:41 Crop Rotation
Hindues
1:24 Loom
3:00 Loom
13:10 Feudal Age
13:47 Double-Bit Axe
25:49 Castle Age
30:28 Imperial Age
28:17 Bow Saw
28:06 Gold Mining
28:06 Stone Mining
28:19 Stone Mining
30:18 Wheelbarrow
31:26 Stone Shaft Mining
31:31 Gold Shaft Mining
32:47 Heavy Rocket Cart
37:46 Two-Man Saw
38:31 Chemistry
37:36 Eupseong
43:20 Elite War Wagon
45:41 Man-at-Arms
49:16 Long Swordsman
49:58 Two-Handed Swordsman
50:38 Pikeman
50:53 Champion
53:32 Champion
53:33 Pikeman
Connection lost

Rejoining the realm…

Still unreachable

The connection could not be restored.

Session expired

The server has moved on; the page needs a fresh start.